 Dungeon Crawl Stone Soup version 0.30.1-3-gfc49f6343a (webtiles) character file.

Game seed: 4774141463639989305

44492 cheesebisquit the Brawler (level 13, -6/133 HPs)
             Began as a Troll Fighter on July 23, 2023.
             Was a High Priest of Wu Jian.
             Mangled by a yak (13 damage)
             ... on level 5 of the Lair of Beasts.
             The game lasted 00:47:07 (14913 turns).

cheesebisquit the Brawler (Troll Fighter)          Turns: 14913, Time: 00:47:08

Health: -6/133     AC: 11    Str: 27    XL:     13   Next: 96%
Magic:  0/12       EV: 10    Int:  8    God:    Wu Jian [*****.]
Gold:   904        SH: 11    Dex:  9    Spells: 12/12 levels left

rFire   . .          .
                       - Unarmed
rCold   . . .        E - +0 kite shield
rNeg    . . .        I - +0 troll leather armour
rPois   .            (helmet restricted)
rElec   .            F - +0 cloak
rCorr   .            (gloves unavailable)
SInv    .            (boots unavailable)
Will    .....        a - amulet of guardian spirit
Stlth   +            y - +4 ring of protection
HPRegen 2.02/turn    (no ring)
MPRegen 0.13/turn

%: guardian spirit
@: mighty, lethally poisoned (-6 -> -6), on berserk cooldown, slowed, very slow
A: large, unfitting armour, claws 3, regeneration 1, shaggy fur 1, tough skin 1
a: Renounce Religion, Wall Jump, Serpent's Lash, Heavenly Storm


You were on level 5 of the Lair of Beasts.
You worshipped Wu Jian.
Wu Jian was extremely pleased with you.
You visited 3 branches of the dungeon, and saw 19 of its levels.

You collected 1135 gold pieces.
You spent 231 gold pieces at shops.

Inventory:

Hand Weapons
 b - a +1 war axe of flaming
 i - the +3 dagger of Causality {antimagic, Will+ Str+3 Dex+3}
   (You found it on level 3 of the Dungeon)

   Str:       It affects your strength (+3).
   Dex:       It affects your dexterity (+3).
   Will:      It increases your willpower.
 v - a +0 morningstar of venom
 W - a +2 dagger of venom
Missiles
 d - 18 poisoned darts
 f - 2 throwing nets
 q - 6 large rocks (quivered)
 s - 11 boomerangs
 t - 15 curare-tipped darts
Armour
 e - a +1 robe of willpower
 n - +0 acid dragon scales
 E - a +0 kite shield (worn)
 F - a +0 cloak (worn)
 I - a +0 troll leather armour (worn)
Jewellery
 a - an amulet of guardian spirit (around neck)
 x - a ring of protection from cold
 y - a +4 ring of protection (left claw)
 D - a ring of positive energy
 J - a +6 ring of intelligence
 L - an amulet of reflection
 U - a ring of ice
Wands
 M - a wand of flame (4)
 N - a wand of iceblast (21)
 R - a wand of polymorph (3)
 V - a wand of mindburst (5)
Scrolls
 c - a scroll of magic mapping
 h - 2 scrolls of enchant armour {unknown}
 j - 2 scrolls of poison
 k - a scroll of torment {unknown}
 p - 5 scrolls of teleportation
 z - 2 scrolls of vulnerability {unknown}
 C - a scroll of acquirement {unknown}
 H - a scroll of immolation
 K - a scroll of brand weapon
 S - a scroll of silence {unknown}
Potions
 g - 4 potions of resistance
 m - 6 potions of mutation
 o - a potion of experience {unknown}
 r - 4 potions of flight
 w - 2 potions of might
 A - 2 potions of magic
 G - a potion of haste {unknown}
 O - 2 potions of lignification
 T - 3 potions of attraction
 X - 2 potions of brilliance {unknown}
 Y - a potion of ambrosia {unknown}
 Z - a potion of berserk rage


   Skills:
 + Level 10.2 Fighting
 + Level 7.8 Dodging
 + Level 11.0 Shields
 * Level 16.2 Unarmed Combat


You had 12 spell levels left.
You didn't know any spells.
Your spell library contained the following spells:

 Spells                   Type           Power      Damage    Failure   Level
 Necrotise                Necr           0%         1d4       63%         1
 Sting                    Tmut/Pois      0%         1d3       63%         1
 Poisonous Vapours        Pois/Air       0%         N/A       77%         2
 Dazzling Flash           Conj/Hex       0%         N/A       94%         3
 Gell's Gravitas          Tloc           0%         N/A       94%         3
 Stone Arrow              Conj/Erth      0%         3d7       94%         3
 Teleport Other           Tloc           0%         N/A       94%         3
 Vampiric Draining        Necr           0%         2d6       94%         3
 Vhi's Electric Charge    Tloc/Air       0%         N/A       94%         3
 Volatile Blastmotes      Fire/Tloc      0%         2d10      94%         3
 Animate Armour           Summ/Erth      0%         N/A       100%        4
 Iskenderun's Mystic Bla  Conj/Tloc      0%         2d3       100%        4
 Olgreb's Toxic Radiance  Pois           0%         N/A       100%        4
 Agony                    Necr           0%         N/A       100%        5
 Arcjolt                  Conj/Air       0%         1d10      100%        5
 Summon Forest            Summ/Tloc      0%         N/A       100%        5
 Summon Mana Viper        Hex/Summ       0%         N/A       100%        5
 Conjure Ball Lightning   Conj/Air       0%         3x3d6     100%        6
 Dispersal                Tloc           0%         N/A       100%        6
 Plasma Beam              Fire/Air       0%         2x1d11    100%        6
 Starburst                Conj/Fire      0%         6d3       100%        6
 Summon Cactus Giant      Summ           0%         N/A       100%        6
 Discord                  Hex            0%         N/A       100%        8
 Disjunction              Tloc           0%         N/A       100%        8
 Lehudib's Crystal Spear  Conj/Erth      0%         10d2      100%        8


Dungeon Overview and Level Annotations

Branches:
Dungeon (13/15)            Temple (1/1) D:7            Lair (5/5) D:8
 Shoals (0/4) Lair:3        Snake (0/4) Lair:2          Orc (0/2) D:9
 Vaults (0/5) D:13
  Slime: Lair:4-5

Altars:
Ashenzari
Cheibriados
Dithmenos
Elyvilon
Fedhas
Gozag
Hepliaklqana
Kikubaaqudgha
Makhleb
Nemelex Xobeh
Okawaru
Qazlal
Ru
Sif Muna
Trog
Uskayaw
Vehumet
Wu Jian
Xom
Yredelemnul
Zin
The Shining One

Shops:
D:3 [   D:12 *(=

Annotations:
D:13 Nessos; Rupert; Urug


Innate Abilities, Weirdness & Mutations

You are too large for most types of armour.
You have claws for hands.
Your natural rate of healing is unusually fast.
You are covered in fur. (AC +1)
You have tough skin. (AC +1)


Message History

You kill the blink frog!
The Council accepts your kill. The yak gores you.
* * * LOW HITPOINT WARNING * * *
You claw the hornet!
The hornet is moderately wounded.
The hornet stings you but does no damage. x2
The yak gores you but does no damage.
You mangle the hornet!!
The hornet is almost dead.
The hornet misses you. The yak barely misses you. The hornet stings you!
* * * LOW HITPOINT WARNING * * *
You are poisoned.
You feel as though you will be slow longer.
You mangle the hornet!!
You kill the hornet!
The Council accepts your kill.
You feel very sick. You block the yak's attack.
You mangle the skyshark!!
The skyshark is moderately wounded.
You feel sick. You block the skyshark's attack. x2
The skyshark barely misses you. The yak gores you but does no damage.
The skyshark bites you!
* * * LOW HITPOINT WARNING * * *
The skyshark tastes blood and grows stronger!
The skyshark tail-slaps you.
* * * LOW HITPOINT WARNING * * *
The skyshark tail-slaps you but does no damage.
You barely miss the skyshark.
The skyshark is moderately wounded.
You feel sick. You block the yak's attack.
A komodo dragon comes into view.
The skyshark bites you!
* * * LOW HITPOINT WARNING * * *
The skyshark enters a blood-rage!
The skyshark tail-slaps you.
* * * LOW HITPOINT WARNING * * *
The skyshark tail-slaps you but does no damage.
The yak gores you!
You die...

#### .... #..###
.... ##†..###
##..# ♣♣
##....###P..##.#
##............#
##....P.....♣
##...P..P♣
##.....##
###P@## #lY#
#.....†.Y#
##......##
.....#### .l.?.
.... ... ...


You could see a skyshark (berserk), a komodo dragon (wandering) and 2 yaks.

Vanquished Creatures
  A dire elephant (Lair:1)
  Snorg (D:12)
  Josephine (D:12)
  Erolcha (D:12)
  3 hydras (Lair:4)
  A centaur warrior (D:7)
  2 boulder beetles
  2 catoblepae
  3 two-headed ogres
  Sonja (Lair:4)
  2 skysharks
  A lindwurm (Lair:3)
  A deep elf pyromancer (D:12)
  An ugly thing (D:12)
  A cyclops (D:13)
  3 manticores
  Joseph (D:8)
  7 black mambas
  9 elephants
  7 cane toads
  2 unseen horrors
  4 rime drakes
  2 gargoyles
  Maggie (D:6)
  Psyche (D:8)
  7 komodo dragons
  3 trolls
  4 polar bears
  2 hornets
  5 blink frogs
  The ghost of superradish the Chucker, an amateur DsBr of Vehumet (D:5)
  6 slime creatures (D:12)
  A human (D:12)
  4 wyverns
  A shadow (D:12)
  2 vampires
  9 wraiths
  27 yaks
  4 basilisks
  4 steam dragons
  Menkaure (D:6)
  3 nagas (Lair:2)
  2 acid dragons
  5 orc warriors
  6 water moccasins
  8 ice beasts
  2 black bears
  4 sky beasts (D:7)
  2 ogres
  3 wolves (D:8)
  3 centaurs
  A phantom (D:5)
  2 kobold brigands (D:7)
  14 bullfrogs
  5 scorpions
  12 wights
  4 killer bees (D:11)
  10 howler monkeys
  7 jellies
  10 orc priests
  A gnoll bouda (D:7)
  3 hounds
  Crazy Yiuf (D:6)
  2 iguanas
  5 hell rats (Lair:3)
  14 orc wizards
  7 gnolls (D:4)
  5 adders
  2 shadow imps
  7 white imps
  An ufetubus (D:8)
  3 worms
  2 dart slugs (D:3)
  68 orcs
  5 bats
  10 endoplasms
  2 giant cockroaches
  6 goblins
  A hobgoblin (D:2)
  2 jackals (D:4)
  18 kobolds
  4 ball pythons
  4 frilled lizards
  12 rats
428 creatures vanquished.

Vanquished Creatures (others)
  An orc wizard (D:10)
1 creature vanquished.

Grand Total: 429 creatures vanquished

Notes
Turn   | Place    | Note
-------+----------+-------------------------------------------
     0 | D:1      | cheesebisquit the Troll Fighter began the quest for the
                  | Orb.
     0 | D:1      | Reached XP level 1. HP: 22/22 MP: 0/0
   108 | D:1      | Reached XP level 2. HP: 29/29 MP: 1/1
   605 | D:1      | Found a faded altar of an unknown god.
   688 | D:2      | Reached XP level 3. HP: 36/36 MP: 2/2
   696 | D:2      | Reached skill level 3 in Unarmed Combat
  1365 | D:3      | Identified the +3 dagger of Causality {antimagic, Will+
                  | Str+3 Dex+3}
  1464 | D:3      | Reached XP level 4. HP: 44/44 MP: 3/3
  1565 | D:3      | Found an opulent altar of Gozag.
  1806 | D:3      | Found Paukesm's Antique Armour Shoppe.
  2029 | D:4      | Reached XP level 5. HP: 49/53 MP: 4/4
  2034 | D:4      | Reached skill level 4 in Unarmed Combat
  2062 | D:4      | Noticed an ogre
  2071 | D:4      | Killed an ogre
  2140 | D:4      | Reached XP level 6. HP: 57/61 MP: 5/5
  2195 | D:4      | Reached skill level 5 in Unarmed Combat
  2857 | D:5      | Entered Level 5 of the Dungeon
  2906 | D:5      | Reached XP level 7. HP: 61/68 MP: 4/6
  3072 | D:5      | Reached skill level 6 in Unarmed Combat
  3271 | D:5      | Found a large runed translucent door.
  3271 | D:5      | Found a large runed translucent door.
  3272 | D:5      | Noticed superradish's ghost (amateur DsBr)
  3595 | D:6      | Noticed a steam dragon
  3611 | D:6      | Killed a steam dragon
  3620 | D:6      | Reached skill level 5 in Shields
  3620 | D:6      | Reached XP level 8. HP: 73/79 MP: 3/7
  3686 | D:6      | Reached skill level 7 in Unarmed Combat
  3779 | D:6      | Noticed Menkaure
  3789 | D:6      | Killed Menkaure
  3862 | D:6      | Noticed Maggie
  3893 | D:6      | Killed Maggie
  3894 | D:6      | Reached skill level 5 in Fighting
  3894 | D:6      | Reached skill level 8 in Unarmed Combat
  4098 | D:6      | Found a runed translucent door.
  4099 | D:6      | Noticed Crazy Yiuf
  4105 | D:6      | Killed Crazy Yiuf
  4106 | D:6      | Reached XP level 9. HP: 86/88 MP: 8/8
  4337 | D:6      | Reached skill level 9 in Unarmed Combat
  4340 | D:6      | HP: 1/89 [yak (10)]
  4923 | D:7      | Found a staircase to the Ecumenical Temple.
  4943 | Temple   | Entered the Ecumenical Temple
  5267 | Temple   | Became a worshipper of the Wu Jian Council
  5379 | D:7      | Reached skill level 10 in Unarmed Combat
  5420 | D:7      | Noticed a troll
  5431 | D:7      | Killed a troll
  5432 | D:7      | Reached XP level 10. HP: 35/100 MP: 3/9
  5571 | D:7      | Reached * piety under Wu Jian
  5610 | D:7      | Reached skill level 11 in Unarmed Combat
  5659 | D:7      | Noticed a centaur warrior
  5669 | D:7      | Killed a centaur warrior
  6203 | D:8      | Noticed Psyche
  6211 | D:8      | Killed Psyche
  6463 | D:8      | Noticed Joseph
  6474 | D:8      | Reached skill level 12 in Unarmed Combat
  6474 | D:8      | Reached XP level 11. HP: 109/109 MP: 8/10
  6484 | D:8      | Killed Joseph
  6500 | D:8      | Reached ** piety under Wu Jian
  6689 | D:8      | Found a staircase to the Lair.
  7018 | D:9      | Paralysed by a hornet for 3 turns
  7136 | D:9      | Found a stormy altar of Qazlal.
  7142 | D:9      | Identified the amulet "Comenles" {Spirit Str-2 Int+5
                  | Slay+5}
  7364 | D:9      | Reached *** piety under Wu Jian
  7397 | D:9      | Found a staircase to the Orcish Mines.
  7545 | D:10     | Entered Level 10 of the Dungeon
  7795 | D:10     | Found a transporter.
  7804 | D:10     | Noticed a two-headed ogre
  7810 | D:10     | Killed a two-headed ogre
  8050 | D:10     | Found a transporter.
  8415 | D:11     | Reached skill level 13 in Unarmed Combat
  8526 | D:11     | Noticed a two-headed ogre
  8530 | D:11     | Killed a two-headed ogre
  8531 | D:11     | Reached skill level 5 in Dodging
  8602 | D:11     | Noticed a boulder beetle
  8623 | D:11     | Killed a boulder beetle
  8830 | D:11     | Reached **** piety under Wu Jian
  9267 | D:12     | Noticed a boulder beetle
  9296 | D:11     | Reached XP level 12. HP: 80/122 MP: 6/11
  9347 | D:12     | Killed a boulder beetle
  9441 | D:12     | Found Ifytestro's Jewellery Emporium.
  9443 | D:12     | Found Busiq's Weapon Emporium.
  9456 | D:12     | Noticed Josephine
  9466 | D:12     | Killed Josephine
  9471 | D:12     | Found a gate leading to a gauntlet.
  9471 | D:12     | Found Teelemm's Assorted Antiques.
  9526 | D:12     | Bought a scroll labelled WAPEYV PUNNIMM for 26 gold pieces
  9526 | D:12     | Bought a scroll labelled UMOCRIDUEKH for 26 gold pieces
  9526 | D:12     | Bought a cyan potion for 23 gold pieces
  9526 | D:12     | Bought a scroll of fear for 104 gold pieces
  9526 | D:12     | Bought a scroll of identify for 52 gold pieces
  9768 | D:12     | Noticed Snorg
  9778 | D:12     | Killed Snorg
  9907 | D:12     | Noticed Erolcha
  9914 | D:12     | Killed Erolcha
  9915 | D:12     | Reached skill level 14 in Unarmed Combat
 10128 | D:12     | Noticed a two-headed ogre
 10136 | D:12     | Killed a two-headed ogre
 10556 | D:13     | Noticed Nessos
 10556 | D:13     | Noticed Rupert
 10556 | D:13     | Noticed Urug
 10556 | D:13     | Noticed a catoblepas
 10556 | D:13     | Found a gate to the Vaults.
 10784 | D:5      | Killed superradish's ghost
 11095 | Lair:1   | Entered Level 1 of the Lair of Beasts
 11117 | Lair:1   | Noticed a catoblepas
 11163 | Lair:1   | Noticed a dire elephant
 11179 | Lair:1   | Killed a dire elephant
 11180 | Lair:1   | Reached skill level 10 in Shields
 11215 | Lair:1   | Killed a catoblepas
 11257 | Lair:1   | Identified the +3 rapier "Adoek" {holy, *Corrode rF- Dex+9
                  | Stlth+}
 11966 | Lair:2   | Reached XP level 13. HP: 127/131 MP: 12/12
 12011 | Lair:2   | Reached skill level 15 in Unarmed Combat
 12016 | Lair:2   | Reached ***** piety under Wu Jian
 12149 | Lair:2   | Found a staircase to the Snake Pit.
 12485 | Lair:3   | You fall into a shaft and drop 1 floor!
 12492 | Lair:3   | Found a staircase to the Shoals.
 13790 | Lair:4   | Noticed Sonja
 13992 | Lair:4   | Reached skill level 10 in Fighting
 14167 | Lair:4   | Killed Sonja
 14366 | Lair:4   | Reached skill level 16 in Unarmed Combat
 14525 | Lair:5   | Entered Level 5 of the Lair of Beasts
 14615 | Lair:4   | HP: 1/133 [komodo dragon (9)]
 14913 | Lair:5   | Mangled by a yak

Illustrated notes

Levels and vault maps discovered:
D:1:      nzn_arrival_water_spiral, layout_basic,
          dreamdust_ecumenical_altar_hidden_monk_grotto
D:2:      layout_loops_cross
D:3:      layout_loops_ring, mainiacjoe_overflow_boulevard, serial_shops,
          nicolae_shop_hallway_stairs, serial_bayou_pond_a,
          minmay_misc_feat_hallway, chequers_decorated_corner, st_stairs_3
D:4:      layout_loops_ring, kennysheep_generic_room_5
D:5:      layout_cave_pools, ebering_ghost_disaster_area,
          grunt_decor_mini_mirrors, minmay_crystal_room
D:6:      layout_basic, uniq_maggie, uniq_crazy_yiuf_cottage, uniq_menkaure
D:7:      nzn_winding_woodlands_small [nzn_winding_woodlands_5x15_concentric,
          nzn_winding_woodlands_center_pierced_h,
          nzn_winding_woodlands_5x15_sidewinder], layout_rooms,
          minmay_temple_entry_butterflies
D:8:      layout_loops_ring, hellmonk_lair_entry_icy, serial_ice, serial_ice_e,
          serial_ice_h, serial_ice_n, serial_ice_i, uniq_psyche, uniq_joseph
D:9:      layout_cave_pools, nicolae_qazlal_scattered_showers,
          hiddenorc1_lemuel, feat_on_display
D:10:     gammafunk_cloud_chamber, layout_loops_cross
D:11:     layout_loops_ring, minivault_5
D:12:     layout_cave_pods, serial_shops, nicolae_shop_peninsula,
          nicolae_shop_competitors_out_of_business, shop,
          gauntlet_entry_generic, uniq_josephine, uniq_erolcha, uniq_snorg
D:13:     layout_grid_maze, david_vaults_3, minmay_protected_statue
Temple:   mainiacjoe_temple_cubbyholes
Lair:1:   layout_hall_layers, nicolae_lair_grazing_beasts
          [nicolae_sub_lair_graze_edge, nicolae_sub_lair_graze_edge,
          nicolae_sub_lair_graze_edge, nicolae_sub_lair_graze_edge],
          infiniplex_staircase_pool
Lair:2:   layout_hall_layers, minmay_snake_entry_guardpost_small
Lair:3:   layout_cave_pods, shoals_dummy_entry, st_stairs_12, grunt_megastairs_3
Lair:4:   layout_roguey, infiniplex_staircase_pool_2, uniq_sonja
Lair:5:   hangedman_lair_tendril_chambers, layout_misc_corridors, slime_entry_1,
          portal_ice_cave_entry_ice_simulacra, gammafunk_lair_bear_cave,
          grunt_megastairs_5

Skill      XL: |  1  2  3  4  5  6  7  8  9 10 11 12 13 |
---------------+----------------------------------------+-----
Shields        | 3 4 5 6 7 8 9 10 11 | 11.0
Unarmed Combat | 3 4 5 6 8 10 12 13 14 16 | 16.2
Fighting       | 3 4 5 6 7 8 9 10 | 10.2
Dodging        | 3 5 6 7 |  7.8

Action                     |  1- 3 |  4- 6 |  7- 9 | 10-12 | 13-15 || total
---------------------------+-------+-------+-------+-------+-------++-------
  Melee: Unarmed           |   114 |   128 |   256 |   655 |   340 ||  1493
         War axe           |       |       |       |       |    17 ||    17
  Throw: Dart              |       |    11 |    50 |    68 |    17 ||   146
         Boomerang         |       |       |       |    34 |       ||    34
         Large rock        |       |       |       |       |     4 ||     4
Ability: Lunge             |       |       |     3 |    41 |    15 ||    59
         Whirlwind         |       |       |       |    15 |    31 ||    46
    Use: Scroll            |       |     5 |     1 |    14 |    10 ||    30
         Potion            |       |     1 |     5 |     7 |     6 ||    19
   Stab: Petrified         |       |       |       |     7 |     1 ||     8
         Petrifying        |       |       |       |       |     1 ||     1
 Armour: Robe              |    31 |    21 |    29 |       |       ||    81
         Acid dragon scale |       |       |    55 |       |       ||    55
         Steam dragon scal |       |       |     7 |       |       ||     7
         Troll leather arm |       |       |       |   232 |   142 ||   374
         Skin              |       |       |       |    11 |       ||    11
  Dodge: Dodged            |    28 |    27 |    78 |   172 |   134 ||   439
  Block: Kite shield       |    36 |    39 |   106 |   261 |   173 ||   615
